 Dungeon Crawl Stone Soup version 0.30-a0-389-g8d7d949f56 (webtiles) character file.

Game seed: 5248192210915695563

259 spardeous the Ducker (level 5, 0/22 HPs)
             Began as a Felid Transmuter on Dec 4, 2022.
             Was an Initiate of Gozag.
             Slain by Grinder (4 damage)
             ... on level 3 of the Dungeon.
             The game lasted 00:09:11 (4276 turns).

spardeous the Ducker (Felid Transmuter)             Turns: 4276, Time: 00:09:12

Health: 0/22       AC:  2    Str:  4    XL:     5   Next: 94%
Magic:  4/9        EV: 30    Int: 15    God:    Gozag
Gold:   168        SH:  0    Dex: 23    Spells: 4/8 levels left
                                        Lives:  0   Deaths: 1

rFire   . . .      SeeInvis +      - Unarmed
rCold   . . .      Faith    .    (shield unavailable)
rNeg    . . .      Spirit   .    (body armour unavailable)
rPois   x          Reflect  .    (helmet unavailable)
rElec   .          Harm     .    (cloak unavailable)
rCorr   .          Rampage  .    (gloves unavailable)
Will    .....                    (boots unavailable)
Stlth   ++........               (no amulet)
HPRegen 0.23/turn                m - +4 ring of evasion
MPRegen 0.11/turn                (no ring)

@: spider-form (expiring), very slightly contaminated
A: venomous fangs, tiny, (claws 1), (fangs 3), see invisible, (speed 1), (shaggy
fur 1), (stealthy paws), no weapons or thrown items, no armour, multi-lived,
(horns 1), weak 1
a: End Transformation, Renounce Religion, Potion Petition, Call Merchant, Bribe
Branch


You were on level 3 of the Dungeon.
You worshipped Gozag.
Gozag was aware of your devotion.
You were a venomous arachnid creature.
You visited 2 branches of the dungeon, and saw 5 of its levels.

You collected 232 gold pieces.
You paid 64 gold pieces to Gozag.

Inventory:

Jewellery
 m - a +4 ring of evasion (left front leg)
 n - an amulet of guardian spirit
Wands
 i - a wand of paralysis (10)
Scrolls
 b - a scroll of butterflies {unknown}
 d - a scroll of magic mapping {unknown}
 e - 3 scrolls of silence {unknown}
 f - 4 scrolls of identify {unknown}
 g - a scroll of blinking {unknown}
 h - a scroll of poison {unknown}
 l - a scroll of fear {unknown}
 o - a scroll of enchant armour {unknown}
 p - a scroll of acquirement {unknown}
Potions
 a - a potion of lignification
 c - a potion of haste {unknown}
 j - 3 potions of mutation
 k - a potion of attraction
 q - 2 potions of heal wounds {unknown}


   Skills:
 + Level 1.0 Fighting
 - Level 6.5 Dodging
 - Level 3.0 Unarmed Combat
 - Level 2.0 Spellcasting
 - Level 5.4 Transmutations


You had 4 spell levels left.
You knew the following spells:

 Your Spells              Type           Power      Damage    Failure   Level
a - Beastly Appendage     Tmut           34%        N/A       9%          1
b - Spider Form           Tmut/Pois      9%         N/A       43%         3

Your spell library contained the following spells:

 Spells                   Type           Power      Damage    Failure   Level
 Wereblood                Tmut           17%        N/A       12%         2
 Ice Form                 Ice/Tmut       9%         N/A       78%         4
 Blade Hands              Tmut           8%         N/A       75%         5
 Irradiate                Conj/Tmut      4%         3d13      97%         5
 Dragon Form              Tmut           8%         N/A       100%        7


Dungeon Overview and Level Annotations

Branches:
Dungeon (4/15)             Temple (1/1) D:4

Altars:
Ashenzari
Cheibriados
Fedhas
Gozag
Hepliaklqana
Kikubaaqudgha
Makhleb
Nemelex Xobeh
Okawaru
Qazlal
Ru
Uskayaw
Zin

Shops:
D:4 (

Annotations:
D:3 Grinder
D:4 Menkaure


Innate Abilities, Weirdness & Mutations

You are a venomous arachnid creature.
You have poisonous fangs.
You are tiny and dextrous.
Your spellcasting is less reliable in this form.
((You have sharp claws.))
((You have razor-sharp teeth.))
You have supernaturally acute eyesight. (SInv)
((You cover ground quickly. (Speed+)))
((You are covered in fur. (AC +1)))
((Your paws help you pounce on unaware monsters.))
You are incapable of wielding weapons or throwing items.
You cannot wear armour.
You gain extra lives every three experience levels.
((You have a pair of small horns on your head.))
You are weak. (Str -2)


Message History

You see here a stone.
There is a stone staircase leading up here.
Grinder says, "I used to sell toenails on the black market."
Casting: Spider Form (extremely dangerous; 22% risk of failure)
Confirm with . or Enter, or press ? or * to list all spells.
The spell is extremely dangerous to miscast (22% risk of failure)!
Continue anyway?
You miscast Spider Form.
You are very lightly contaminated with residual magic.
Multicoloured lights dance before your eyes.
Casting: Spider Form (extremely dangerous; 22% risk of failure)
Confirm with . or Enter, or press ? or * to list all spells.
The spell is extremely dangerous to miscast (22% risk of failure)!
Continue anyway?
You turn into a venomous arachnid creature.
Grinder gestures at you.
You suddenly lose the ability to move!
Grinder hits you.
You writhe in agony.
Your transformation is almost over.
Grinder hits you.
You writhe in agony.
Grinder hits you.
You writhe in agony.
* * * LOW HITPOINT WARNING * * *
You can move again.
You are too injured to fight recklessly!
You are too injured to fight recklessly!
You are too injured to fight recklessly!
You are too injured to fight recklessly!
You hit Grinder.
Grinder is lightly wounded.
Grinder gestures at you.
You struggle to resist.
You hit Grinder but do no damage.
Grinder is lightly wounded.
Grinder hits you but does no damage.
You hit Grinder but do no damage.
Grinder is lightly wounded.
Grinder completely misses you.
It was a potion of mutation.
You feel extremely strange. A pair of horns grows on your head!
You feel weaker. Grinder hits you.
You die...
Your body crumbles into a pile of gold.

#.######.###..# #.#
#.# #..# #.# #.#
#..####
##.######.###.....#
.......#...>..###.#
.............## #.#
...###...##...###.#
........[...#..5..#
...............#s.#
..♣♣♣♣..P.PP...#..#
..............##..#
##........5..###..#
#######..#####....#
###.>.............#
....###..#####.####
##### #..## #.# #
#...# #.#


You could see Grinder.

Vanquished Creatures
  A necrophage (D:4)
  A howler monkey (D:4)
  A hound (D:4)
  Jessica (D:3)
  Natasha (D:3)
  3 gnolls (D:4)
  4 adders
  2 worms
  4 dart slugs
  3 bats
  10 endoplasms
  5 giant cockroaches
  9 hobgoblins
  4 kobolds
  2 quokkas
  10 ball pythons
  3 frilled lizards
  7 goblins
  6 rats
  A spectral kobold (D:1)
78 creatures vanquished.

Vanquished Creatures (others)
  2 fungi (D:3)
2 creatures vanquished.

Grand Total: 80 creatures vanquished

Notes
Turn   | Place    | Note
-------+----------+-------------------------------------------
     0 | D:1      | spardeous the Felid Transmuter began the quest for the Orb.
     0 | D:1      | Reached XP level 1. HP: 9/9 MP: 4/4
   200 | D:1      | Reached skill level 3 in Dodging
   224 | D:1      | Reached XP level 2. HP: 12/12 MP: 4/6
   326 | D:1      | Found a faded altar of an unknown god.
   890 | D:2      | Reached XP level 3. HP: 15/15 MP: 5/7
   894 | D:2      | Learned a level 3 spell: Spider Form
  1126 | D:2      | Reached skill level 4 in Dodging
  1562 | D:2      | Reached XP level 4. HP: 19/19 MP: 8/8
  2440 | D:3      | Found an iron altar of Okawaru.
  2485 | D:3      | Noticed Jessica
  2527 | D:3      | Noticed Natasha
  2611 | D:3      | Killed Jessica
  2612 | D:3      | Reached skill level 5 in Dodging
  2713 | D:3      | Noticed Grinder
  2845 | D:4      | Reached XP level 5. HP: 19/22 MP: 5/9
  3052 | D:4      | Found Hinei's Antique Weapon Emporium.
  3074 | D:4      | Noticed Menkaure
  3222 | D:4      | Mangled by a gnoll bouda
  3223 | D:4      | Reached XP level 4. HP: -6/19 MP: 4/8
  3354 | D:4      | Reached XP level 5. HP: 22/22 MP: 6/9
  3376 | D:4      | Reached skill level 6 in Dodging
  3376 | D:4      | Reached skill level 5 in Transmutations
  3462 | D:4      | Found a staircase to the Ecumenical Temple.
  3502 | Temple   | Entered the Ecumenical Temple
  3709 | Temple   | Became a worshipper of Gozag Ym Sagoz the Greedy
  3734 | D:4      | Identified the +7 dagger of Leaping Destruction {spect,
                  | rPois Str-2 SInv}
  4026 | D:3      | Killed Natasha
  4269 | D:3      | Paralysed by Grinder for 4 turns
  4276 | D:3      | Gained mutation: You have a pair of small horns on your
                  | head. [potion of mutation]
  4276 | D:3      | Gained mutation: You are weak. (Str -2) [potion of
                  | mutation]
  4276 | D:3      | Slain by Grinder

Illustrated notes

Levels and vault maps discovered:
D:1:      erik_arrival_blinker_ship, layout_basic,
          dreamdust_ecumenical_altar_drowned_temple
D:2:      cheibrodos_helix_gallery, layout_basic, minmay_misc_feat_ornament
D:3:      layout_loops_ring, mainiacjoe_overflow_boulevard, uniq_grinder,
          uniq_jessica, uniq_natasha
D:4:      layout_loops_ring, gammafunk_temple_overflow_statue,
          minmay_temple_entry_junction, serial_shops, nicolae_shop_stone,
          minmay_misc_feat_pillars, uniq_menkaure, uniq_ijyb
Temple:   minmay_temple_bridge_abc

Skill      XL: |  1  2  3  4  5 |
---------------+----------------+-----
Dodging        | 3 4 5 6 |  6.5
Transmutations | 3 4 5 |  5.4
Fighting       | |  1.0
Unarmed Combat | |  3.0
Spellcasting   | |  2.0

Action                   |  1- 3 |  4- 6 || total
-------------------------+-------+-------++-------
Melee: Unarmed           |    97 |   122 ||   219
       Bite              |    12 |     6 ||    18
       Headbutt          |    13 |    13 ||    26
 Cast: Beastly Appendage |    29 |    21 ||    50
       Spider Form       |     3 |    15 ||    18
  Use: Potion            |     1 |     1 ||     2
 Stab: Sleeping          |     4 |     2 ||     6
       Distracted        |       |     1 ||     1
Armor: Skin              |     3 |     3 ||     6
Dodge: Dodged            |    73 |    99 ||   172

Table legend: (Time is in decaauts)
 A = Elapsed time spent in this place.
 B = Non-inter-level travel time spent in this place.
 C = Inter-level travel time spent in this place.
 D = Time resting spent in this place.
 E = Time spent auto-exploring this place.
 F = Levels seen in this place.
 G = Mean time per level.
                   A        B        C        D        E       F      G
               +--------+--------+--------+--------+--------+-----+--------+
         Total |   3655 |   3371 |    284 |    212 |   2200 |   5 |  731.0 |
       Dungeon |   3469 |   3200 |    269 |    212 |   2042 |   4 |  867.2 |
        Temple |    185 |    170 |     15 |      0 |    158 |   1 |  185.0 |
               +--------+--------+--------+--------+--------+-----+--------+

Top non-repeatable levels by time:
     D:2: 1172 daAuts
     D:3: 1012 daAuts
     D:1: 744 daAuts
     D:4: 540 daAuts
  Temple: 185 daAuts
